Map: 나이트쉐이드 - 래더

Players

Trap - Winner!

  • Race: Protoss Protoss
  • Spawn Location: 5:00

Kelazhur

  • Race: Terran Terran
  • Spawn Location: 11:00

Event: IEM Katowice 2020

VOD

Have the link to the VOD?

Description

Time

  • Played on: Feb. 25, 2020, 1:06 p.m.
  • Length: 12:36

All games in this series

Show
View Real Time Build Order
Export as new Build Order

Trap Protoss - Winner!

Build Orders: 1 Gate Expand, Blink Stalkers, Chargelot Immortal 

Get SALT Encoding   

  12  0:00  Probe  
  13  0:12  Probe  
  14  0:17  Pylon  
  14  0:24  Probe (Chrono Boost)  
  15  0:36  Probe (Chrono Boost)  
  15  0:37  Gateway  
  16  0:44  Probe (Chrono Boost)  
  16  0:46  Assimilator  
  17  0:51  Probe  
  18  1:03  Probe  
  19  1:15  Probe  
  20  1:24  Cybernetics Core  
  20  1:32  Nexus  
  20  1:41  Pylon  
  20  1:44  Probe  
  21  1:48  Assimilator  
  21  1:56  Probe  
  21  1:57  Adept (Chrono Boost)  
  24  2:02  Warp Gate  
  24  2:08  Probe (Chrono Boost)  
  25  2:19  Probe (Chrono Boost)  
  25  2:20  Stalker  
  28  2:25  Probe (Chrono Boost)  
  29  2:32  Twilight Council  
  29  2:36  Probe (Chrono Boost)  
  30  2:45  Probe (Chrono Boost)  
  30  2:50  Stalker  
  34  2:53  Probe (Chrono Boost)  
  34  2:54  Probe (Chrono Boost)  
  35  2:59  Probe x2 (Chrono Boost)  
  35  3:00  Blink (Chrono Boost)  
  37  3:11  Probe x2  
  39  3:19  Gateway  
  39  3:23  Probe x2  
  41  3:28  Robotics Facility  
  41  3:33  Pylon  
  41  3:35  Probe  
  41  3:36  Probe  
  43  3:44  Assimilator  
  43  3:47  Probe  
  44  3:48  Probe  
  44  3:51  Sentry  
  47  3:59  Probe  
  47  4:00  Probe  
  47  4:02  Phoenix  
  49  4:07  Nexus  
  49  4:11  Probe  
  49  4:13  Probe  
  49  4:16  Pylon  
  49  4:17  Observer  
  50  4:21  Pylon, Stalker  
  50  4:22  Stalker  
  54  4:33  Forge  
  54  4:34  Probe x2  
  56  4:44  Charge  
  55  4:49  Stalker x2  
  55  4:52  Probe  
  60  4:56  Probe  
  62  5:00  Observer  
  62  5:04  Pylon  
  62  5:06  Gateway  
  62  5:08  Protoss Ground Armor Level 1 (Chrono Boost)  
  62  5:14  Probe x2  
  64  5:24  Gateway  
  64  5:25  Gateway x2  
  64  5:29  Probe x3  
  64  5:32  Observer (Chrono Boost)  
  64  5:33  Observer  
  64  5:35  Sentry  
  70  5:41  Probe x3  
  73  5:46  Immortal (Chrono Boost)  
  77  5:50  Pylon  
  77  5:53  Probe x3  
  80  6:01  Gateway  
  80  6:03  Gateway  
  80  6:06  Pylon, Sentry  
  80  6:10  Probe x3, Shield Battery  
  85  6:17  Zealot x2  
  89  6:18  Pylon  
  89  6:23  Observer  
  89  6:27  Stalker x2  
  89  6:28  Stalker  
  89  6:29  Stalker  
  97  6:33  Pylon  
  97  6:34  Pylon  
  97  6:39  Immortal  
  101  6:42  Probe  
  101  6:43  Probe x2  
  103  6:52  Zealot  
  103  6:53  Zealot x3  
  111  6:56  Zealot x2  
  111  7:00  Protoss Ground Weapons Level 1 (Chrono Boost)  
  115  7:03  Pylon  
  115  7:05  Zealot  
  115  7:08  Pylon  
  115  7:11  Photon Cannon  
  115  7:14  Zealot  
  115  7:15  Zealot  
  119  7:28  Zealot x2  
  119  7:29  Zealot x2  
  111  7:41  Assimilator, Warp Prism (Chrono Boost)  
  111  7:42  Photon Cannon  
  111  7:43  Assimilator, Templar Archives  
  111  7:46  Probe x3  
  114  7:54  Zealot x3  
  114  7:55  Zealot x3  
  114  7:56  Zealot  
  128  7:59  Zealot  
  129  8:08  Immortal (Chrono Boost)  
  129  8:11  Pylon  
  129  8:12  Pylon  
  129  8:21  Psionic Storm  
  125  8:30  Zealot x8  
  137  8:39  Observer  
  127  8:43  Protoss Ground Armor Level 2 (Chrono Boost)  
  127  8:47  Probe x3  
  127  8:48  Assimilator  
  128  8:55  High Templar x4  
  134  8:57  Nexus  
  132  9:03  Zealot  
  132  9:04  Zealot x2  
  132  9:07  Pylon  
  138  9:11  Pylon  
  138  9:12  Pylon  
  138  9:17  Immortal (Chrono Boost)  
  138  9:21  Probe x3  
  144  9:27  High Templar x2  
  144  9:29  Pylon  
  148  9:40  Zealot  
  148  9:41  Zealot x5  
  158  9:53  Warp Prism (Chrono Boost)  
  158  9:57  Robotics Bay  
  158  9:59  Robotics Facility  
  150  10:00  Probe x3  
  151  10:12  Probe  
  144  10:20  Immortal (Chrono Boost)  
  128  10:27  High Templar x4  
  128  10:28  Zealot x4  
  146  10:32  Archon x2  
  142  10:37  Extended Thermal Lance  
  142  10:39  Gateway  
  142  10:41  Gateway  
  142  10:42  Photon Cannon  
  142  10:46  Colossus (Chrono Boost)  
  148  10:52  Colossus (Chrono Boost)  
  148  10:55  Shield Battery  
  148  10:56  Shield Battery  
  154  10:58  Zealot x3, Shield Battery  
  154  11:01  Zealot x2  
  164  11:07  Zealot x2  
  164  11:08  Zealot  
  170  11:24  Colossus (Chrono Boost)  
  174  11:31  Colossus  
  180  11:36  Zealot x4  
  180  11:37  Stalker x4  
  168  12:03  Zealot x9  
  168  12:04  Zealot  
  176  12:18  Forge  
  176  12:27  Assimilator  
  178  12:32  Assimilator, Zealot x5  
  178  12:33  Zealot x3  
Show
View Real Time Build Order
Export as new Build Order

Kelazhur Terran 

Build Orders:  

Get SALT Encoding   

  12  0:00  SCV  
  13  0:12  SCV  
  14  0:17  Supply Depot  
  14  0:24  SCV  
  15  0:38  SCV  
  15  0:39  Barracks  
  16  0:43  Refinery  
  16  0:50  SCV  
  17  1:02  SCV  
  18  1:15  SCV  
  19  1:26  Marine  
  19  1:27  Orbital Command  
  20  1:43  Command Center  
  20  1:46  Barracks Reactor  
  20  1:53  Supply Depot  
  20  1:56  SCV  
  21  2:06  Factory  
  21  2:10  SCV  
  22  2:22  SCV, Bunker  
  23  2:24  Marine x2  
  25  2:32  Refinery  
  25  2:34  SCV  
  27  2:46  SCV  
  28  2:51  Starport  
  28  2:53  Widow Mine  
  28  2:57  Orbital Command  
  28  2:58  SCV  
  28  3:03  Marine  
  28  3:04  Marine  
  31  3:10  SCV  
  32  3:13  Barracks  
  32  3:19  Widow Mine  
  34  3:23  SCV  
  34  3:26  Marine x2  
  37  3:30  Medivac  
  37  3:32  SCV  
  40  3:35  SCV  
  40  3:37  Supply Depot  
  41  3:45  SCV  
  41  3:47  Barracks  
  41  3:48  SCV  
  43  3:54  Factory Tech Lab  
  43  3:57  SCV  
  43  3:58  Marine, Supply Depot  
  43  3:59  Marine  
  43  4:00  SCV  
  47  4:10  SCV, Starport Tech Lab  
  47  4:14  SCV  
  48  4:17  Refinery  
  48  4:18  Refinery  
  48  4:19  Engineering Bay  
  48  4:22  SCV, Factory Reactor  
  49  4:26  Marine, SCV, Stimpack  
  49  4:27  Marine  
  52  4:37  SCV  
  51  4:38  SCV  
  51  4:42  Marauder  
  51  4:45  Marine  
  53  4:50  SCV  
  53  4:51  SCV  
  53  4:53  Marine, Supply Depot  
  53  4:56  Terran Infantry Weapons Level 1  
  54  5:01  Marauder  
  54  5:02  SCV, Starport Reactor  
  54  5:03  SCV  
  54  5:06  Marine  
  61  5:07  Marauder  
  61  5:11  Marine  
  62  5:15  Supply Depot, Widow Mine x2  
  62  5:16  SCV, Supply Depot  
  62  5:17  SCV  
  62  5:20  Combat Shield  
  68  5:25  Marauder  
  70  5:36  Supply Depot  
  70  5:37  Marine x2, SCV x2, Marauder  
  70  5:40  Medivac x2  
  80  5:45  Widow Mine  
  80  5:46  Widow Mine  
  84  5:50  Supply Depot  
  84  5:54  SCV x2  
  86  5:57  Marine x2  
  86  5:58  Marauder  
  86  5:59  Supply Depot  
  90  6:08  Marauder  
  92  6:15  Widow Mine x2  
  92  6:16  SCV x2  
  92  6:17  Marine x2  
  92  6:18  Concussive Shells  
  96  6:19  Marauder  
  98  6:30  Marauder  
  100  6:37  Widow Mine x2  
  100  6:39  Supply Depot x2  
  103  6:40  Marauder  
  103  6:44  Marine x2  
  103  6:47  Command Center  
  107  6:49  SCV  
  107  6:50  SCV, Terran Infantry Armor Level 1  
  109  7:03  Marine x2, Marauder x2  
  109  7:04  Widow Mine  
  115  7:10  Medivac x2  
  115  7:15  Supply Depot  
  119  7:18  Armory  
  117  7:30  Widow Mine  
  117  7:31  Widow Mine  
  117  7:37  Marine x2, Marauder  
  104  7:38  Marauder  
  104  7:39  SCV  
  104  7:40  Medivac x2  
  109  7:49  SCV  
  111  7:51  SCV  
  111  7:58  Marine x2  
  112  8:00  Orbital Command  
  112  8:02  Barracks  
  112  8:03  Barracks, Marauder x2  
  117  8:08  Widow Mine x2  
  117  8:11  SCV x2  
  120  8:23  SCV x2  
  120  8:25  Marauder x2  
  107  8:36  Marine x2  
  100  8:44  Widow Mine x2  
  100  8:46  Marauder x2, Terran Infantry Weapons Level 2  
  105  8:49  SCV x3  
  105  8:50  Engineering Bay  
  105  8:52  Ghost Academy  
  105  8:54  Barracks Reactor, Barracks Tech Lab  
  106  8:57  Marine x2  
  106  9:01  SCV  
  106  9:02  SCV  
  109  9:03  Medivac x2  
  109  9:04  SCV  
  109  9:08  Marauder  
  116  9:11  Supply Depot, Marauder  
  116  9:12  Supply Depot  
  116  9:13  SCV  
  116  9:14  SCV  
  120  9:21  Marine x2  
  124  9:25  SCV x2  
  124  9:26  SCV  
  124  9:27  Refinery  
  124  9:28  Refinery  
  127  9:32  Marine x2  
  133  9:44  SCV x2  
  131  9:48  Widow Mine x2  
  131  9:52  SCV, Marauder, Unknown  
  133  9:56  SCV  
  133  9:58  Marine x4  
  135  10:00  Marauder, Unknown  
  135  10:01  Unknown  
  135  10:06  Marauder  
  139  10:11  Orbital Command  
  139  10:13  Marine  
  137  10:16  Marine  
  118  10:21  Marauder  
  118  10:23  Marine x2, Medivac x2  
  122  10:33  Marine x2, Enhanced Shockwaves  
  126  10:41  Marine  
  126  10:42  Marine  
  129  10:46  Marauder  
  132  10:51  Marine  
  133  10:58  Marine  
  133  10:59  Marine  
  133  11:00  SCV  
  133  11:01  SCV, Marauder, Unknown  
  139  11:04  Supply Depot  
  139  11:08  Marauder  
  139  11:10  Marine x2  
  143  11:12  Unknown  
  144  11:26  Widow Mine x2  
  144  11:30  Command Center  
  144  11:31  Supply Depot  
  146  11:35  Marine x5  
  146  11:39  Missile Turret  
  151  11:44  Missile Turret  
  151  11:50  Marine, Unknown  
  151  11:51  Unknown  
  114  12:02  Marine x4, Marauder x2  
  110  12:09  Marauder  
  110  12:14  Widow Mine x2  

Tags
 
Add a new tag
Caveats
  • Supply blocks, unpowered buildings, or Contaminate may cause inaccurate times.
  • Supply counts are checked every 10 seconds.